Cogmind - Beta 15 @@@ ROGUE MODE // 2025.10.07 @ 20:12:02 Player: GermanMO Result: Destroyed by C-35 Carver with Carbide Saw Performance ------------- Evolutions (6) 3000 Regions Visited (7) 1400 Robots Destroyed (11) 55 Value Destroyed (143) 143 Prototype IDs (1) 20 Alien Tech Used (0) 0 Bonus (0) 0 TOTAL SCORE: 4618 Bonus ------- None Cogmind --------- Core Integrity 0/1150 Matter 0/300 Energy 99/100 System Corruption 4% Temperature Cool (0) Movement Core (50) Location -4/Factory Parts ------- > --- POWER (3) -------- (None) > --- PROPULSION (2) --- (None) > --- UTILITY (10) ----- (None) > --- WEAPON (4) ------- (None) > --- INVENTORY (5) ---- Improved Terrain Scan Processor Powered Hammer Peak State ------------ > --- POWER ------------ Improved Fusion Compressor > --- PROPULSION ------- (None) > --- UTILITY ---------- Weight Redist. System Advanced Visual Processing Unit IFF Parser Transport Network Coupler > --- WEAPON ----------- (None) > --- INVENTORY -------- Improved Sensor Array Improved Terrain Scan Processor Powered Hammer [Rating: 19] Favorites ----------- Power Light Ion Engine Engine Light Ion Engine Power Core Improved Fusion Compressor Propulsion None Utility Transport Network Coupler Device Weight Redist. System Processor Transport Network Coupler Weapon Light Assault Rifle Energy Gun Improved EM Shotgun Ballistic Gun Light Assault Rifle Launcher Grenade Launcher Build | -11 -10 -10 -8 -7 -6 -5 -4 ------- Run | Yrd Mat Sub Mat Fac Fac Fac Fac Slots Evolved 12 | . . . 4 2 2 2 2 Power 2 | . . . 1 1 . . . Propulsion . | . . . . . . . . Utility 8 | . . . 3 1 1 2 1 Weapon 2 | . . . . . 1 . 1 Parts Attached 17 | 2 5 . 2 . 3 3 2 Power 2 | . 1 . . . . . 1 Engine 1 | . 1 . . . . . . Core 1 | . . . . . . . 1 Reactor . | . . . . . . . . Propulsion . | . . . . . . . . Treads . | . . . . . . . . Leg . | . . . . . . . . Wheel . | . . . . . . . . Hover . | . . . . . . . . Flight . | . . . . . . . . Utility 9 | . 2 . 1 . 3 2 1 Device 6 | . 1 . 1 . 2 1 1 Storage . | . . . . . . . . Processor 3 | . 1 . . . 1 1 . Hackware . | . . . . . . . . Protection . | . . . . . . . . Artifact . | . . . . . . . . Weapon 6 | 2 2 . 1 . . 1 . Energy Gun 1 | . . . 1 . . . . Energy Cannon . | . . . . . . . . Ballistic Gun 4 | 2 2 . . . . . . Ballistic Cannon . | . . . . . . . . Launcher 1 | . . . . . . 1 . Special Weapon . | . . . . . . . . Impact Weapon . | . . . . . . . . Slashing Weapon . | . . . . . . . . Piercing Weapon . | . . . . . . . . Special Melee Weapon . | . . . . . . . . Unidentified Prototypes 1 | . . . 1 . . . . Parts Lost 9 | . . 1 1 2 1 2 2 Power 1 | . . 1 . . . . . Propulsion . | . . . . . . . . Utility 5 | . . . 1 1 1 . 2 Weapon 3 | . . . . 1 . 2 . Highest Loss Streak 2 | . . 1 1 1 1 1 2 To Critical Strikes . | . . . . . . . . Average Backups 3 | . 2 2 2 2 3 5 3 Power . | . . . . . . . . Propulsion . | . . . . . . . . Utility 1 | . 1 1 . 1 2 3 2 Weapon 1 | . . 1 1 1 1 2 1 Tool/Special . | . . . . . . . . Unused Backups 2 | . . . . . . . 2 Power . | . . . . . . . . Propulsion . | . . . . . . . . Utility 1 | . . . . . . . 1 Weapon 1 | . . . . . . . 1 Tool/Special . | . . . . . . . . Average Slot Usage (%) 32 | . 45 70 42 26 15 16 19 Engine 3 | . 6 13 . . . . . Device 6 | . 6 14 15 6 2 1 6 Processor 8 | . 4 14 9 7 6 9 8 Energy Gun 1 | . . . 8 4 . . . Ballistic Gun 11 | . 27 28 9 7 6 3 . Peak Build Rating 19 | 2 6 6 10 8 8 8 19 Average Rating 6 | 1 3 5 9 6 3 5 13 On Entrance 4 | . 2 6 5 8 2 3 7 Naked Turns 39 | . . . . . . . 39 Heaviest Build 8 | 2 5 5 5 5 2 3 8 Greatest Support 9 | 3 9 9 9 3 3 9 9 Greatest Overweight (x) 2 | . . . 1 1 . . 2 Average Overweight (x) . | . . . . . . . . Largest Inventory Capacity 5 | 5 5 5 5 5 5 5 5 Average Capacity 5 | 5 5 5 5 5 5 5 5 Most Carried 5 | 2 4 2 3 4 5 5 5 Average Carried 3 | . 2 2 1 2 3 4 3 Final Capacity 5 | 5 5 5 5 5 5 5 5 Final Carried 5 | 1 2 2 2 4 5 4 2 Class Distribution -------------------- 75% | Mutant 24% | Scavenger-Mutant Dominant Class ---------------- Mutant | -10/Materials Scavenger-Mutant | -10/Subcaves Scavenger-Mutant | -8/Materials Mutant | -7/Factory Mutant | -6/Factory Mutant | -5/Factory Mutant | -4/Factory Resources | -11 -10 -10 -8 -7 -6 -5 -4 ----------- Run | Yrd Mat Sub Mat Fac Fac Fac Fac Matter Collected 370 | 226 80 39 . . 25 . . Remotely . | . . . . . . . . Salvage Created 296 | 81 215 . . . . . . Parts 28 | 6 22 . . . . . . Haulers Intercepted 1 | . 1 . . . . . . Recyclers Shooed . | . . . . . . . . Parts Field Recycled . | . . . . . . . . Retrieved Matter . | . . . . . . . . Parts Self-Destructed . | . . . . . . . . Prevented . | . . . . . . . . Kills | -11 -10 -10 -8 -7 -6 -5 -4 ------- Run | Yrd Mat Sub Mat Fac Fac Fac Fac Combat Hostiles Destroyed 8 | . 8 . . . . . . Guns 8 | . 8 . . . . . . Classes Destroyed 5 | 2 3 . . . . . . Tunneler 1 | 1 . . . . . . . Hauler 1 | . 1 . . . . . . Recycler 1 | 1 . . . . . . . Swarmer 6 | . 6 . . . . . . Grunt 2 | . 2 . . . . . . Best Kill Streak 3 | 2 3 . . . . . . Combat Bots Only 3 | . 3 . . . . . . Max Kills in Single Turn 1 | 1 1 . . . . . . Gunslinging . | . . . . . . . . Exploded . | . . . . . . . . Melee . | . . . . . . . . Uniques/NPCs Destroyed . | . . . . . . . . Combat | -11 -10 -10 -8 -7 -6 -5 -4 -------- Run | Yrd Mat Sub Mat Fac Fac Fac Fac Hostile Shots Fired 170 | . 39 4 14 10 1 28 74 Missed 57 | . 11 1 3 4 . 10 28 Hits 113 | . 28 3 11 6 1 18 46 Melee 33 | . . . . . . 3 30 Projectile 80 | . 28 3 11 6 1 15 16 AOE 3 | . . . . . . . 3 Critical Strikes 12 | . . . 1 . 1 . 10 Part Disruptions 1 | . 1 . . . . . . Damage Taken 2351 | . 274 84 160 91 41 459 1242 Core 1835 | . 162 24 40 45 41 357 1166 Absorbed by Shields . | . . . . . . . . Core Remaining (%) 78 | 100 . 25 92 93 95 64 . Volleys Fired 39 | 8 31 . . . . . . Largest 2 | 2 2 . . . . . . Hottest 40 | 40 40 . . . . . . Shots Fired 78 | 16 62 . . . . . . Gun 78 | 16 62 . . . . . . Cannon . | . . . . . . . . Launcher . | . . . . . . . . Special . | . . . . . . . . Kinetic 78 | 16 62 . . . . . . Thermal . | . . . . . . . . Explosive . | . . . . . . . . Electromagnetic . | . . . . . . . . Robot Hit Streak 12 | 6 12 . . . . . . Robot Miss Streak 3 | 3 3 . . . . . . Penetration Max . | . . . . . . . . Secondary Targets 2 | . 2 . . . . . . Max Gunslinging Chain 1 | . 1 . . . . . . Shots Hit Robots 47 | 10 37 . . . . . . Core Hits 22 | 4 18 . . . . . . Critical Kills . | . . . . . . . . Critical Parts Destroyed . | . . . . . . . . Critical Strikes . | . . . . . . . . Melee Attacks . | . . . . . . . . Impact . | . . . . . . . . Slashing . | . . . . . . . . Piercing . | . . . . . . . . Sneak Attacks . | . . . . . . . . Combat Hostiles . | . . . . . . . . Follow-up Attacks . | . . . . . . . . Damage Inflicted 382 | 80 302 . . . . . . Guns 381 | 80 301 . . . . . . Cannons . | . . . . . . . . Explosions . | . . . . . . . . Melee . | . . . . . . . . Ramming 1 | . 1 . . . . . . Kinetic 381 | 80 301 . . . . . . Thermal . | . . . . . . . . Explosive . | . . . . . . . . Electromagnetic . | . . . . . . . . Impact . | . . . . . . . . Slashing . | . . . . . . . . Piercing . | . . . . . . . . Highest Corruption 4 | . . . . . . . 4 Average Corruption 1 | . . . . . . . 1 Corruption Purged . | . . . . . . . . Corruption Blocked . | . . . . . . . . Effects 1 | . . . . . . . 1 Energy Discharges 1 | . . . . . . . 1 Overload Shots . | . . . . . . . . Overflow Damage . | . . . . . . . . Projectiles . | . . . . . . . . Explosions . | . . . . . . . . Melee . | . . . . . . . . Knockbacks . | . . . . . . . . Impact . | . . . . . . . . Kinetic . | . . . . . . . . Secondary . | . . . . . . . . Self-Inflicted Damage . | . . . . . . . . Shots . | . . . . . . . . Rammed 1 | . 1 . . . . . . Targets Rammed 1 | . 1 . . . . . . Kicked . | . . . . . . . . Crushed . | . . . . . . . . Highest Temperature 1 | . 1 . . . . . . Average Temperature 1 | . 1 . . . . . . Received Heat Transfer 255 | . 18 . 72 36 . 75 54 Siege Activations . | . . . . . . . . Martial Activations . | . . . . . . . . Shielding Activations . | . . . . . . . . Robots Disrupted . | . . . . . . . . Combat Hostiles . | . . . . . . . . Robots Corrupted . | . . . . . . . . Combat Hostiles . | . . . . . . . . Parts Fried . | . . . . . . . . Impact Corruptions . | . . . . . . . . Robots Melted . | . . . . . . . . Combat Hostiles . | . . . . . . . . Parts Melted . | . . . . . . . . Heat Transferred . | . . . . . . . . Parts Sabotaged . | . . . . . . . . Parts Stolen . | . . . . . . . . Parts Stripped . | . . . . . . . . Power Chain Reactions . | . . . . . . . . Alert | -11 -10 -10 -8 -7 -6 -5 -4 ------- Run | Yrd Mat Sub Mat Fac Fac Fac Fac Maximum Alert Level . | . . . . . . . . Low Security (%) 100 | 100 100 . 100 100 100 100 100 Level 1 . | . . . . . . . . Level 2 . | . . . . . . . . Level 3 . | . . . . . . . . Level 4 . | . . . . . . . . Level 5 . | . . . . . . . . High Security . | . . . . . . . . Max Security . | . . . . . . . . Peak Influence 160 | 10 137 . 45 75 21 160 73 Initial 73 | . . . 7 11 21 . 73 Average 32 | . 68 . 8 21 6 32 35 Influence Increases 782 | 10 217 15 45 105 30 240 120 Destroy 0b10 Robot/C 160 | . 160 . . . . . . Destroy 0b10 Robot/NC 15 | 10 5 . . . . . . Destroy Leader 22 | . 22 . . . . . . Partial Spotted 120 | . 30 . . 15 . 45 30 Lose Combat Pursuer 465 | . . 15 45 90 30 195 90 Influence Decreases 732 | 10 130 87 35 85 75 90 220 Entered New Map 166 | . . 43 8 14 24 . 77 Time Decay 506 | 10 130 44 17 51 51 70 133 Lost Part 60 | . . . 10 20 . 20 10 Squads Dispatched 8 | . 1 . . 2 1 2 2 Investigation . | . . . . . . . . Extermination 2 | . . . . 1 . 1 . Reinforcement 6 | . 1 . . 1 1 1 2 Assault . | . . . . . . . . Garrison . | . . . . . . . . Intercept . | . . . . . . . . Searches Triggered . | . . . . . . . . Construction Impeded . | . . . . . . . . Haulers Reinforced . | . . . . . . . . Active Scanning Responses . | . . . . . . . . Cargo Convoy Interrupts . | . . . . . . . . Stealth | -11 -10 -10 -8 -7 -6 -5 -4 --------- Run | Yrd Mat Sub Mat Fac Fac Fac Fac Distress Signals 1 | . . . . . . 1 . Communications Jammed . | . . . . . . . . Distress Signals . | . . . . . . . . Times Spotted 71 | . 12 3 9 10 2 20 15 Peak Tracking Total 9 | . 4 3 7 6 1 9 9 Tactical Retreats 13 | . . 1 1 2 2 5 2 Traps | -11 -10 -10 -8 -7 -6 -5 -4 ------- Run | Yrd Mat Sub Mat Fac Fac Fac Fac Traps Triggered 3 | . . 1 . . . . 2 Indirectly . | . . . . . . . . Trap Hack Attempts . | . . . . . . . . Triggered . | . . . . . . . . Disarmed . | . . . . . . . . Reprogrammed . | . . . . . . . . Reused . | . . . . . . . . Traps Extracted . | . . . . . . . . Installed . | . . . . . . . . Triggered . | . . . . . . . . Machines | -11 -10 -10 -8 -7 -6 -5 -4 ---------- Run | Yrd Mat Sub Mat Fac Fac Fac Fac Machines Disabled . | . . . . . . . . Max in Single Turn . | . . . . . . . . Machines Repaired . | . . . . . . . . Machines Dismantled . | . . . . . . . . Machines Sabotaged . | . . . . . . . . Overloaded Fab Kills . | . . . . . . . . Hacking | -11 -10 -10 -8 -7 -6 -5 -4 --------- Run | Yrd Mat Sub Mat Fac Fac Fac Fac Machines Accessed . | . . . . . . . . Terminals . | . . . . . . . . Fabricators . | . . . . . . . . Repair Stations . | . . . . . . . . Recycling Units . | . . . . . . . . Scanalyzers . | . . . . . . . . Garrison Access . | . . . . . . . . Total Hacks . | . . . . . . . . Successful . | . . . . . . . . Failed . | . . . . . . . . Catastrophic . | . . . . . . . . Database Lockouts . | . . . . . . . . Manual . | . . . . . . . . Terminals . | . . . . . . . . Fabricators . | . . . . . . . . Repair Stations . | . . . . . . . . Recycling Units . | . . . . . . . . Scanalyzers . | . . . . . . . . Garrison Access . | . . . . . . . . Terminal Hacks . | . . . . . . . . Fabricator Hacks . | . . . . . . . . Repair Station Hacks . | . . . . . . . . Recycling Unit Hacks . | . . . . . . . . Scanalyzer . | . . . . . . . . Garrison Access Hacks . | . . . . . . . . Unauthorized Hacks . | . . . . . . . . Terminals . | . . . . . . . . Fabricators . | . . . . . . . . Repair Stations . | . . . . . . . . Recycling Units . | . . . . . . . . Scanalyzers . | . . . . . . . . Garrison Access . | . . . . . . . . Data Cores Recovered . | . . . . . . . . Used . | . . . . . . . . Hacking Detections . | . . . . . . . . Full Trace Events . | . . . . . . . . Feedback Events . | . . . . . . . . Feedback Blocked . | . . . . . . . . Robot Schematics Acquired . | . . . . . . . . Robots Built . | . . . . . . . . Authchips . | . . . . . . . . Time . | . . . . . . . . Total Robot Build Rating . | . . . . . . . . Part Schematics Acquired . | . . . . . . . . Parts Built . | . . . . . . . . Authchips . | . . . . . . . . Time . | . . . . . . . . Total Part Build Rating . | . . . . . . . . Parts Repaired . | . . . . . . . . Time . | . . . . . . . . Parts Recycled . | . . . . . . . . Recycled Matter . | . . . . . . . . Retrieved Matter . | . . . . . . . . Retrieved Components . | . . . . . . . . Parts Scanalyzed . | . . . . . . . . Part Schematics Acquired . | . . . . . . . . Parts Damaged . | . . . . . . . . Bothacking | -11 -10 -10 -8 -7 -6 -5 -4 ------------ Run | Yrd Mat Sub Mat Fac Fac Fac Fac Used RIF Installer . | . . . . . . . . Robots Hacked . | . . . . . . . . Non-combat . | . . . . . . . . Combat . | . . . . . . . . Robot Hacks Applied . | . . . . . . . . Relay Couplers Released . | . . . . . . . . Fabnet Peak Effective % . | . . . . . . . . Robots Rewired . | . . . . . . . . Allies Hacked . | . . . . . . . . Hacks Repelled . | . . . . . . . . Allies | -11 -10 -10 -8 -7 -6 -5 -4 -------- Run | Yrd Mat Sub Mat Fac Fac Fac Fac Total Allies . | . . . . . . . . Largest Group . | . . . . . . . . Highest-Rated Group . | . . . . . . . . Highest-Rated Ally . | . . . . . . . . Total Orders . | . . . . . . . . Ally Attacks . | . . . . . . . . Total Damage . | . . . . . . . . Kills . | . . . . . . . . Allies Corrupted . | . . . . . . . . Allies Melted . | . . . . . . . . Intel | -11 -10 -10 -8 -7 -6 -5 -4 ------- Run | Yrd Mat Sub Mat Fac Fac Fac Fac Active Infowar (turns) 1568 | . 104 254 127 218 186 390 289 Optics 594 | . . . . . . 327 267 Sensors 82 | . . . . . 81 . 1 IFF 182 | . . . . . . . 182 Terrain 17 | . . . 17 . . . . T.N.C. 1568 | . 104 254 127 218 186 390 289 Robot Analysis Total . | . . . . . . . . Derelict Logs Recovered . | . . . . . . . . Drone Launches . | . . . . . . . . Drone Recoveries . | . . . . . . . . Exploration | -11 -10 -10 -8 -7 -6 -5 -4 ------------- Run | Yrd Mat Sub Mat Fac Fac Fac Fac Turns Passed 1888 | 66 319 254 127 218 186 390 328 Spaces Moved 2530 | 51 346 229 120 308 273 665 538 Core 2530 | 51 346 229 120 308 273 665 538 Treads . | . . . . . . . . Legs . | . . . . . . . . Wheels . | . . . . . . . . Hover . | . . . . . . . . Flight . | . . . . . . . . Fastest Speed 50 | 50 50 50 50 50 50 50 50 Average Speed 52 | 50 50 50 54 69 50 50 50 Slowest Speed 150 | 50 50 50 100 100 50 50 150 Overloaded Moves . | . . . . . . . . Propulsion Burnouts . | . . . . . . . . Robots Hopped . | . . . . . . . . Potential Cave-ins . | . . . . . . . . Cave-ins Triggered . | . . . . . . . . Exploration Rate (%) 18 | 3 34 15 20 16 10 25 22 Regions Visited 7 Branch Regions 1 Pre-discovered Areas 1 | . . 1 . . . . . Known Exits Taken . | . . . . . . . . Unknown Exits Taken 7 | 1 1 1 1 1 1 1 . Scrap Searched . | . . . . . . . . Spaces Dug . | . . . . . . . . Terrain Destroyed . | . . . . . . . . Melee . | . . . . . . . . Projectile . | . . . . . . . . AOE . | . . . . . . . . Terrain Rammed . | . . . . . . . . Walls Destroyed . | . . . . . . . . Machines Disabled . | . . . . . . . . Actions | -11 -10 -10 -8 -7 -6 -5 -4 --------- Run | Yrd Mat Sub Mat Fac Fac Fac Fac Total 3012 | 78 442 364 181 309 322 721 595 Wait 407 | 15 52 136 57 . 43 53 51 Move 2523 | 50 345 228 119 307 272 664 538 Hop . | . . . . . . . . Pick Up 17 | 3 6 . 2 2 2 1 1 Fast Attach 2 | . . . . . 1 1 . Attach 17 | 2 5 . 2 . 2 2 4 Detach 2 | . . . . . 1 . 1 Swap . | . . . . . . . . Drop 4 | . 2 . 1 . 1 . . Fire 39 | 8 31 . . . . . . Melee . | . . . . . . . . Ram 1 | . 1 . . . . . . Kick . | . . . . . . . . Crush . | . . . . . . . . Escape Stasis . | . . . . . . . . Rewire . | . . . . . . . . Trap . | . . . . . . . . Miscellaneous . | . . . . . . . . Route ------- -11/Scrapyard -10/Materials -10/Subcaves -8/Materials -7/Factory -6/Factory -5/Factory -4/Factory History --------- Turn | Location | Event 4 | -11/Scrapyard | Discovered new exit (range 15) 67 | -11/Scrapyard | Entered Materials 267 | -10/Materials | Core integrity fell below 50% 372 | -10/Materials | Discovered new exit (range 3) 386 | -10/Materials | Entered Subcaves 391 | -10/Subcaves | Learned location of Zion (-7) 391 | -10/Subcaves | Met a Zionite searching for "candidates" 562 | -10/Subcaves | Shifting Twisted Machinery released Spk. Treads 562 | -10/Subcaves | Shifting Twisted Machinery released Sub. Beam Cannon 588 | -10/Subcaves | Build established: Scavenger-Mutant 605 | -10/Subcaves | Discovered new exit (range 5) 640 | -10/Subcaves | Entered Materials 640 | -8/Materials | Evolved 4 slots: Power x1, Utility x3 757 | -8/Materials | Discovered new exit (range 10) 767 | -8/Materials | Entered Factory 767 | -7/Factory | Evolved 2 slots: Power x1, Utility x1 965 | -7/Factory | Discovered new exit (range 16) 985 | -7/Factory | Entered another Factory area 985 | -6/Factory | Evolved 2 slots: Utility x1, Weapon x1 1051 | -6/Factory | Build established: Mutant 1152 | -6/Factory | Discovered new exit (range 15) 1171 | -6/Factory | Entered another Factory area 1171 | -5/Factory | Evolved 2 slots: Utility x2 1538 | -5/Factory | Discovered new exit (range 18) 1561 | -5/Factory | Entered another Factory area 1561 | -4/Factory | Evolved 2 slots: Utility x1, Weapon x1 1851 | -4/Factory | Core integrity fell below 50% 1878 | -4/Factory | Core integrity fell below 20% 1889 | -4/Factory | Destroyed by C-35 Carver with Carbide Saw Last Messages --------------- System corrupted: Energy discharge (-38). U-05 Engineer lays Concrete. Triggered Tesla Bomb Trap. A bubble of electromagnetic force engulfs the area. Tesla Bomb Trap short circuited. T-07 Excavator destroyed. A bubble of electromagnetic force engulfs the area. U-05 Engineer destroyed. Assembly Bed disabled. U-05 Engineer lays Concrete. ALERT: Suspicious intruders detected, dispatching Cutter reinforcements to area. U-05 Engineer lays Concrete. K-01 Serf collects debris. U-05 Engineer lays Concrete. K-01 Serf collects debris. P-70 Sage resets C-35 Carver, system corruption cleaned. Map ----- +----------------------------------------------------+ | ########### #????????????????????????????????? | | ! ! #????????????????????????????????? | | #????????????????????????????????? | | #????????????????????????????????? | | #????????????????????????????????? | | #????????????????????????????????? | | ###############????????????????????????????????? | | # #????????????????????????????????????????? | | # #????????????????????????????????????????? | | # #????????????????????????????????????????? | | / #?????#??????????????????????????????????? | | ##/####???? ?????????????????????????????????? | | #??????? ?????????????????????????????????? | | #??????""""?????????????????????????????????? | | #####?""""""????????????????????????????????? | | # """""????????????????????????????????? | | !# """" ??????????????????????????????? | | %!*% #??????????????????????????? | | =# """""" ??????????#???????????????????? | | # """"????????????? #???????????????????? | | #?""""????????????? #???????????????????? | | #??"""???????????? #???????????????????? | | #??? ???????????? #???????????????????? | | #???##??????????? +???????????????????? | | ################# #???????????????????? | | @ #???????????????????? | | c c #???????????????????? | | c cc #???????????????????? | | c #???????????????????? | | ############+########???????????????????? | | ##########?????????" ?????????????????????????? | | ????????????????? """ "???????????????????????? | | ??????????????? """ """?????????????????????? | | ????????????? """ """ ????????????????????? | | ???????????# ! ????????????????????? | | ???????????# ????????????????????? | | ???????????# ????????????????????? | | ???????????##############?###????????????????????? | | ?????????????????????????????????????????????????? | | ?????????????????????????????????????????????????? | | ?????????????????????????????????????????????????? | | ?????????????????????????????????????????????????? | | ?????????????????????????????????????????????????? | | ?????????????????????????????????????????????????? | | ?????????????????????????????????????????????????? | | ?????????????????????????????????????????????????? | | ?????????????????????????????????????????????????? | | ?????????????????????????????????????????????????? | | ?????????????????????????????????????????????????? | | ?????????????????????????????????????????????????? | +----------------------------------------------------+ Best States ------------- Heat Dissipation 43 Energy Generation 35 Energy Capacity 125 Matter Stores 300 Matter Capacity 300 Sight Range 20 Robot Scan Range 14 Terrain Scan Range 16 Terrain Scan Density 10 Additional Mass Support 6 Evasion (%) 50 Item Schematics ----------------- None Robot Schematics ------------------ None Fabricated ------------ Nothing Repaired ---------- Nothing Alien Tech Used ----------------- None Achievements -------------- None Challenges ------------ None Game ------ Seed ScrapoidBottomlessSuit Manual? 0 Play Time 00:47:53 Cumulative 21.0 hours Start 2025.09.28 @ 17:53:51 End 2025.10.07 @ 20:12:02 Sessions 1 Manual Loads 0 Difficulty Rogue Special Mode None Game No. 26 Rogue 8 Adventurer 0 Explorer 18 Win Type - Total 0 Types 0/0/0/0/0/0/0/0/0/0 Lore% 16 Gallery% 21 Achievement% 26 Wizard Run 0 Options --------- Layout 2 ASCII 0 Keyboard 0 Movement Mouse Keybinds 0 Fullscreen 2 Font 24/Smallcaps Map View 50x44 Zoom Use 0% Tactical HUD 0 Map Filters NONE Filters NONE Steam 1 RUN: 1e0d27ee-b5e6-4318-9efa-1fa121e130fb